 Dungeon Crawl Stone Soup version 0.29.1-1-gd02db6906a (webtiles) character file.

Game seed: 6623036749890242204

41 Icepheonix32 the Firebug (level 3, 0/26 HPs)
             Began as a Draconian Fire Elementalist on Oct 6, 2022.
             Succumbed to an adder's poison
             ... on level 1 of the Dungeon.
             The game lasted 00:02:30 (1909 turns).

Icepheonix32 the Firebug (DrFE)                     Turns: 1909, Time: 00:02:30

Health: 0/26       AC:  5    Str: 10    XL:     3   Next: 32%
Magic:  6/6        EV: 12    Int: 17    God:
Gold:   18         SH:  0    Dex: 11    Spells: 5/6 levels left

rFire   + . .      SeeInvis .   d - +0 dagger
rCold   . . .      Faith    .   (no shield)
rNeg    . . .      Spirit   .   (body armour unavailable)
rPois   .          Reflect  .   (helmet restricted)
rElec   .          Harm     .   (no cloak)
rCorr   .          Rampage  .   (no gloves)
Will    .....                   (no boots)
Stlth   ++........              (no amulet)
HPRegen 0.08/turn               g - ring of protection from fire
MPRegen 0.10/turn               (no ring)

@: lethally poisoned (0 -> -3), invisible
A: AC +5, unfitting armour, cold-blooded
a: no special abilities


You were on level 1 of the Dungeon.
You visited 1 branch of the dungeon, and saw 2 of its levels.

You collected 76 gold pieces.
You spent 58 gold pieces at shops.

Inventory:

Hand Weapons
 d - a +0 dagger (weapon)
Missiles
 c - 9 poisoned darts
 h - a throwing net
Jewellery
 g - a ring of protection from fire (left hand)
Scrolls
 b - a scroll of noise {unknown}
 e - a scroll of enchant weapon {unknown}
 i - a scroll of identify {unknown}
Potions
 a - a potion of magic


   Skills:
 + Level 2.0 Dodging
 - Level 1.7 Stealth
 + Level 0.5 Unarmed Combat
 + Level 2.3 Spellcasting
 * Level 1.6 Conjurations
 + Level 3.6 Fire Magic


You had 5 spell levels left.
You knew the following spells:

 Your Spells              Type           Power      Damage    Failure   Level
a - Foxfire               Conj/Fire      40%        2x1d6     6%          1

Your spell library contained the following spells:

 Spells                   Type           Power      Damage    Failure   Level
 Scorch                   Fire           28%        2d6       6%          2
 Conjure Flame            Conj/Fire      10%        6-21      19%         3
 Inner Flame              Hex/Fire       8%         N/A       26%         3
 Flame Wave               Conj/Fire      10%        2d6       54%         4


Dungeon Overview and Level Annotations

Branches:
Dungeon (2/15)

Altars:

Shops:
D:1 *


Innate Abilities, Weirdness & Mutations

Your plain brown scales are hard. (AC +5)
You cannot fit into any form of body armour.
You are cold-blooded and may be slowed by cold attacks.


Message History

You hit the jackal but do no damage.
The jackal is moderately wounded.
The jackal barely misses you. The adder completely misses you.
The jackal barely misses you.
You hit the jackal.
The jackal is heavily wounded.
The adder closely misses you. The jackal bites you. The adder bites you.
You hit the jackal.
You tail-slap the jackal, but do no damage.
The jackal is severely wounded.
The jackal bites you. The adder misses you.
It was a potion of invisibility.
You fade into invisibility!
The jackal closely misses you. The adder bites you but does no damage.
The jackal bites you but does no damage.
You barely miss the jackal.
Your tail-slap misses the jackal.
The jackal is severely wounded.
The adder closely misses you. The jackal closely misses you.
Unknown command.
You barely miss the adder. The jackal barely misses you. The adder bites you.
* * * LOW HITPOINT WARNING * * *
You are lethally poisoned!
The adder poisons you!
Unknown command.
You hit the adder.
The adder is moderately wounded.
* * * LOW HITPOINT WARNING * * *
You feel sick. The adder bites you.
* * * LOW HITPOINT WARNING * * *
The jackal bites you.
* * * LOW HITPOINT WARNING * * *
You closely miss the adder.
Your tail-slap misses the adder.
You punch the adder.
The adder is heavily wounded.
* * * LOW HITPOINT WARNING * * *
You feel sick. The adder closely misses you.
Unknown command.
You miss the adder.
The adder is heavily wounded.
You die...

#########.# ## #.#
.# #.# .# #.####
.# #....# .#
####.# .# #.#
.###########.#####
...............S@#
#.##########.###h#
#.# #.....# #.#
####..# #.# #..#
#.####### #..#
#.......# #..#
#.....#.# #..#
#.......##### #..#


You could see an adder (unable to see you) and a jackal (unable to see you).

Vanquished Creatures
  A dart slug (D:1)
  A bat (D:1)
  5 endoplasms
  3 giant cockroaches (D:1)
  4 goblins (D:1)
  4 jackals
  3 quokkas
  5 ball pythons (D:1)
  A frilled lizard (D:1)
  3 kobolds (D:1)
  4 rats (D:1)
34 creatures vanquished.

Vanquished Creatures (others)
  76 foxfires
76 creatures vanquished.

Grand Total: 110 creatures vanquished

Notes
Turn   | Place    | Note
-------+----------+-------------------------------------------
     0 | D:1      | Icepheonix32 the Draconian Fire Elementalist began the
                  | quest for the Orb.
     0 | D:1      | Reached XP level 1. HP: 14/14 MP: 3/3
    11 | D:1      | Found a faded altar of an unknown god.
   178 | D:1      | Reached XP level 2. HP: 20/20 MP: 1/5
   248 | D:1      | Found Hiop's Assorted Antiques.
   262 | D:1      | Bought a scroll labelled KYWKY LIREV for 29 gold pieces
   929 | D:1      | Reached XP level 3. HP: 26/26 MP: 0/6
  1792 | D:1      | Bought a scroll labelled TOFRUJALYT for 29 gold pieces
  1908 | D:1      | HP: 1/26 [poisoned by an adder]
  1909 | D:1      | Succumbed to an adder's poison

Illustrated notes

Levels and vault maps discovered:
D:1:      ncdulo_wetmaze, layout_basic, serial_shops, shop,
          hellmonk_ecumenical_altar_lost_god
D:2:      layout_basic, basic_altar, uniq_natasha

Skill      XL: |  1  2 |
---------------+-------+-----
Dodging        | 2 |  2.0
Stealth        | |  1.7
Unarmed Combat | |  0.5
Spellcasting   | |  2.3
Conjurations   | |  1.6
Fire Magic     | |  3.6

Action                   || total
-------------------------++-------
Melee: Unarmed           ||    22
       Punch             ||     2
       Dagger            ||    59
       Tailslap          ||     8
 Cast: Foxfire           ||    54
  Use: Potion            ||     1
 Stab: Sleeping          ||     1
Armor: Skin              ||    33
Dodge: Dodged            ||    87
